 Dungeon Crawl Stone Soup version 0.18-a0-1639-g7533f42 (webtiles) character file.

67 syage the Skirmisher (level 4, -1/35 HPs)
             Began as a Vampire Fighter on Mar 27, 2016.
             Slain by an adder (3 damage)
             ... on level 3 of the Dungeon.
             The game lasted 00:04:26 (1663 turns).

syage the Skirmisher (Vampire Fighter)              Turns: 1663, Time: 00:04:27

Health: -1/35      AC:  6    Str: 16    XL:     4   Next: 0%
Magic:  4/4        EV:  6    Int: 10    God:
Gold:   89         SH:  8    Dex: 13    Spells: 0 memorised, 3 levels left

rFire  . . .     SeeInvis +     a - +0 long sword
rCold  . . .     Gourm    .     b - +0 scale mail
rNeg   . . .     Faith    .     c - +0 shield
rPois  .         Spirit   .     (no helmet)
rElec  .         Dismiss  .     (no cloak)
rCorr  .         Reflect  .     (no gloves)
SustAt .         Harm     .     (no boots)
MR     .....                    (no amulet)
Stlth  ..........               (no ring)
                                (no ring)

@: lethally poisoned (-1 -> -8), regenerating quickly, slowed, very slow, not
resistant to hostile enchantments, extremely unstealthy
A: fangs 3, see invisible, unbreathing
a: no special abilities


You were on level 3 of the Dungeon.
You were very full.

You visited 1 branch of the dungeon, and saw 3 of its levels.

You collected 113 gold pieces.

Inventory:

Hand Weapons
 a - a +0 long sword (weapon)
Armour
 b - a +0 scale mail (worn)
 c - a +0 shield (worn)
Jewellery
 o - an uncursed amulet of dismissal {unknown}
Scrolls
 f - a scroll of teleportation {unknown}
 h - a scroll of magic mapping {unknown}
 i - 2 scrolls of identify {unknown}
 k - a scroll of enchant armour {unknown}
 n - a scroll of blinking {unknown}
Potions
 d - a potion of might
 e - a potion of blood
 g - a potion of magic {unknown}
 j - a potion of invisibility {unknown}
 m - a potion of haste {unknown}
 q - a potion of lignification {unknown}
Miscellaneous
 l - a plain deck of war {drawn: 1}
 p - a plain deck of defence {drawn: 1}


   Skills:
 + Level 3.3 Fighting
 + Level 2.5 Long Blades
 + Level 3.2 Armour
 - Level 2.8 Shields


You had 3 spell levels left.
You didn't know any spells.

Dungeon Overview and Level Annotations

Branches:
Dungeon (3/15)

Altars:
Gozag
Nemelex Xobeh

Annotations:
D:3 Natasha, Sigmund


Innate Abilities, Weirdness & Mutations

Your natural rate of healing is unusually fast.
You have razor-sharp teeth.
You have supernaturally acute eyesight.
You can survive without breathing.


Message History

The white imp disappears in a puff of smoke!
You block the adder's attack.
Natasha stares at you and mumbles some strange words.
The magic dart hits you!
You feel sick. The adder bites you.
* * * LOW HITPOINT WARNING * * *
You are lethally poisoned!
The adder poisons you!
* * * LOW HITPOINT WARNING * * *
You feel sick.
The shadow imp disappears in a puff of smoke!
You hear a zap.
You hear a grinding noise.
You block the adder's attack.
Natasha casts a spell.
You barely miss the adder.
* * * LOW HITPOINT WARNING * * *
You feel sick. The adder bites you.
* * * LOW HITPOINT WARNING * * *
The adder bites you.
You die...

# #######.. #........
#.......#. #.........
#..###########..# #...
#.....@Sr.5§...####....
##..####..§._..........
#.. .....?.............
# #....5..........?#
..##.....(.......## ##
......####...###+
#....#......#....+
##......###.###.#+
#..........###.##


You could see an adder, a shadow imp and a rat.

Vanquished Creatures
  2 gnolls (D:2)
  A worm (D:2)
  A dart slug (D:2)
  A giant gecko (D:1)
  A ball python (D:1)
  2 giant cockroaches
  5 goblins
  8 hobgoblins
  4 jackals (D:2)
  4 kobolds
  3 giant newts (D:2)
  8 rats
40 creatures vanquished.

Notes
Turn   | Place    | Note
--------------------------------------------------------------
     0 | D:1      | syage the Vampire Fighter began the quest for the Orb.
     0 | D:1      | Reached XP level 1. HP: 17/17 MP: 1/1
   578 | D:1      | Reached XP level 2. HP: 23/23 MP: 2/2
   885 | D:2      | Found a sparkling altar of Nemelex Xobeh.
  1023 | D:2      | Reached XP level 3. HP: 29/29 MP: 3/3
  1525 | D:3      | Noticed Natasha
  1545 | D:2      | Reached XP level 4. HP: 12/35 MP: 4/4
  1645 | D:3      | Noticed Sigmund
  1646 | D:3      | Found an opulent altar of Gozag.
  1663 | D:3      | Slain by an adder

Vault maps used:
D:1:      dpeg_arrival_castle, fountainhead
D:2:      nemelex_deck, first_bread, amalloy_card_club
D:3:      good_gods_mini_temple, lemuel_coloured_pillars_altar,
          overflow_temple_1_default, uniq_iyjb, uniq_robin, uniq_natasha,
          uniq_sigmund

Skill      XL: |  1  2  3 |
---------------+----------+-----
Fighting       | 3 |  3.3
Armour         | 3 |  3.2
Long Blades    | |  2.5
Shields        | |  2.8

Action                   |  1- 3 |  4- 6 || total
-------------------------+-------+-------++-------
Melee: Long sword        |   106 |     1 ||   107
Evoke: Deck              |     2 |       ||     2
  Eat: Corpse            |    12 |     1 ||    13
